 Dungeon Crawl Stone Soup version 0.20.0-15-g7f486f2 (webtiles) character file.

56 sankara the Digger (level 3, -1/26 HPs)
             Began as a Draconian Earth Elementalist on June 25, 2017.
             Killed by nerve-wracking pain
             ... invoked by Jessica
              (7 damage)
             ... on level 2 of the Dungeon.
             The game lasted 00:04:13 (1204 turns).

sankara the Digger (Draconian Earth Elementalist)   Turns: 1204, Time: 00:04:13

Health: -1/26      AC:  5    Str: 10    XL:     3   Next: 71%
Magic:  0/6        EV: 12    Int: 15    God:
Gold:   52         SH:  0    Dex: 12    Spells: 4/7 levels left

rFire    . . .     SeeInvis .   j - +1 whip (vamp)
rCold    . . .     Gourm    .   (no shield)
rNeg     . . .     Faith    .   (armour unavailable)
rPois    .         Spirit   .   (helmet restricted)
rElec    .         Reflect  .   (no cloak)
rCorr    .         Harm     .   (no gloves)
MR       .....                  (no boots)
Stlth    ++........             (no amulet)
Regen    0.1/turn               (no ring)
MPRegen  0.1/turn               (no ring)

@: lethally poisoned (-1 -> -5)
A: unfitting armour, cold-blooded, AC +5
a: no special abilities


You were on level 2 of the Dungeon.
You were not hungry.

You visited 1 branch of the dungeon, and saw 2 of its levels.

You collected 52 gold pieces.

Inventory:

Hand Weapons
 h - a +0 dagger
 j - a +1 vampiric whip (weapon)
Missiles
 b - 41 stones (quivered)
Scrolls
 e - a scroll of recharging {unknown}
 g - a scroll of remove curse {unknown}
 i - a scroll of amnesia {unknown}
Potions
 a - a potion of haste {unknown}
 c - a potion of curing {unknown}
Books
 d - a book of Geomancy

   Spells                             Type                      Level
   a - Sandblast                      Earth                        1
   b - Passwall                       Transmutation/Earth          2
   c - Stone Arrow                    Conjuration/Earth            3
   d - Petrify                        Transmutation/Earth          4
   e - Lee's Rapid Deconstruction     Earth                        5


   Skills:
 - Level 1.7 Dodging
 - Level 1.7 Stealth
 + Level 2.6 Spellcasting
 - Level 1.0 Transmutations
 * Level 4.2 Earth Magic


You had 4 spell levels left.
You knew the following spells:

 Your Spells              Type           Power        Failure   Level  Hunger
a - Sandblast             Erth           ##....       3%          1    #......
b - Passwall              Tmut/Erth      #.........   11%         2    ###....


Dungeon Overview and Level Annotations

Branches:
Dungeon (2/15)

Altars:

Annotations:
D:2 Jessica


Innate Abilities, Weirdness & Mutations

Your plain brown scales are hard. (AC +5)
You cannot fit into any form of body armour.
You are cold-blooded and may be slowed by cold attacks.


Message History

You don't have enough magic to cast that spell.
Unknown command.
Casting: Sandblast
Confirm with . or Enter, or press ? or * to list all spells.
You don't have enough magic to cast that spell.
Unknown command.
You barely miss Jessica.
You feel sick. Jessica hits you but does no damage.
You hit Jessica.
You feel better.
Jessica is moderately wounded.
Jessica hits you.
* * * LOW HITPOINT WARNING * * *
Casting: Sandblast
Confirm with . or Enter, or press ? or * to list all spells.
You don't have enough magic to cast that spell.
Unknown command.
You barely miss Jessica. You tail-slap Jessica.
Jessica is severely wounded.
Jessica gestures at you while chanting. Pain shoots through your body!
You die...

........ #..@...
....##### ##........
#.(.......
#.†.#..... #...# ...
#####.#.# .
#..@@.#>..
#.#######... #.#.#
.... #.#.### ...
#.....#####+#
###.#.....#+#+######
#.#..........(...#
#................#
#................#


You could see Jessica.

Vanquished Creatures
  An adder (D:2)
  2 oozes (D:1)
  A dart slug (D:1)
  A leopard gecko (D:1)
  4 bats
  5 goblins (D:1)
  4 hobgoblins
  A ball python (D:1)
  A frilled lizard (D:1)
  11 kobolds
  6 rats (D:1)
37 creatures vanquished.

Notes
Turn   | Place    | Note
-------+----------+-------------------------------------------
     0 | D:1      | sankara the Draconian Earth Elementalist began the quest for the Orb.
     0 | D:1      | Reached XP level 1. HP: 14/14 MP: 3/3
   225 | D:1      | Reached XP level 2. HP: 20/20 MP: 5/5
   663 | D:1      | Learned a level 2 spell: Passwall
   776 | D:1      | Reached skill level 4 in Earth Magic
   776 | D:1      | Reached XP level 3. HP: 14/26 MP: 6/6
  1181 | D:2      | Noticed Jessica
  1204 | D:2      | Killed from afar by Jessica

Skill      XL: |  1  2 |
---------------+-------+-----
Earth Magic    | 4 |  4.2
Dodging        | |  1.7
Stealth        | |  1.7
Spellcasting   | |  2.6
Transmutations | |  1.0

Action                   || total
-------------------------++-------
Melee: Unarmed           ||    19
       Dagger            ||    12
       Tailslap          ||    10
       Whip              ||    68
 Cast: Sandblast         ||    11
  Use: Scroll            ||     1
 Stab: Sleeping          ||     2
  Eat: Bread ration      ||     1
       Chunk             ||     1
Armor: Skin              ||    30
Dodge: Dodged            ||    67
